 Dungeon Crawl Stone Soup version 0.22.1-2-g9c5b331 (webtiles) character file.

20371 diana the Brawler (level 12, 0/67 HPs)
             Began as a Vine Stalker Fighter on Nov 20, 2018.
             Was a Believer of Cheibriados.
             Slain by a rime drake (5 damage)
             ... on level 4 of the Lair of Beasts.
             The game lasted 00:21:51 (10496 turns).

diana the Brawler (Vine Stalker Fighter)           Turns: 10496, Time: 00:21:51

Health: 0/67       AC: 15    Str: 31    XL:     12   Next: 78%
Magic:  0/22       EV:  9    Int: 12    God:    Cheibriados [**....]
Gold:   681        SH: 10    Dex: 17    Spells: 11/11 levels left

rFire    . . .     SeeInvis .     - Unarmed
rCold    . . .     Gourm    .   b - +0 shield
rNeg     . . .     Faith    .   N - +5 chain mail of the Other World {rElec}
rPois    .         Spirit   +   (no helmet)
rElec    +         Reflect  .   k - +0 cloak
rCorr    .         Harm     .   (no gloves)
MR       +....                  (no boots)
Stlth    ..........             (no amulet)
HPRegen  1.01/turn              l - +2 ring of strength
MPRegen  0.18/turn              v - ring of magical power

@: frozen, very slow
A: fangs 3, regeneration 2, magic shield, antimagic bite, no potion heal 3, rot
immunity
a: Bend Time, Renounce Religion


You were on level 4 of the Lair of Beasts.
You worshipped Cheibriados.
Cheibriados was pleased with you.
You were hungry.

You visited 3 branches of the dungeon, and saw 15 of its levels.
You also visited: Labyrinth.

You collected 777 gold pieces.
You spent 96 gold pieces at shops.

Inventory:

Missiles
 r - 2 throwing nets (quivered)
 F - 19 javelins of returning
Armour
 a - a +0 scale mail
 b - a +0 shield (worn)
 k - a +0 cloak (worn)
 G - the +5 chain mail "Copali Hide" {+Blink}
   (You took it off a minotaur in a labyrinth)

   It lets you blink.
 N - the +5 chain mail of the Other World (worn) {rElec}
   (You found it on level 4 of the Lair of Beasts)

   It insulates you from electricity.
Jewellery
 l - a +2 ring of strength (left hand)
 v - a ring of magical power (right hand)
 B - an uncursed ring of poison resistance
 E - a +5 ring of protection {unknown}
 H - an uncursed amulet of the acrobat {unknown}
 M - an uncursed ring of protection from magic {unknown}
Wands
 n - a wand of flame (106)
 t - a wand of paralysis (15)
 w - a wand of polymorph (14)
 y - a wand of digging (9)
 C - a wand of disintegration (20)
 I - a wand of iceblast (27)
Scrolls
 g - 4 scrolls of remove curse
 s - 3 scrolls of fog {unknown}
 u - 6 scrolls of teleportation {unknown}
 x - a scroll of enchant armour {unknown}
 A - 2 scrolls of blinking {unknown}
 D - 5 scrolls of identify
 L - a scroll of silence {unknown}
 O - a scroll of torment {unknown}
 P - a scroll of noise {unknown}
 Q - a scroll of amnesia {unknown}
Potions
 c - a potion of might
 e - 3 potions of flight
 f - a potion of degeneration {unknown}
 h - 3 potions of resistance
 i - 8 potions of curing
 j - 2 potions of heal wounds
 m - a potion of berserk rage
 o - a potion of agility {unknown}
 p - 3 potions of ambrosia {unknown}
 q - 2 potions of cancellation {unknown}
 z - 2 potions of magic {unknown}
 K - a potion of brilliance {unknown}
Miscellaneous
 J - a lamp of fire
Comestibles
 d - 17 rations
 R - 3 chunks of flesh


   Skills:
 - Level 10.2 Fighting
 + Level 4.7 Armour
 + Level 3.8 Dodging
 - Level 2.6 Shields
 * Level 15.8 Unarmed Combat


You had 11 spell levels left.
You didn't know any spells.
Your spell library contained the following spells:

 Spells                   Type           Power        Failure   Level  Hunger
 Apportation              Tloc           #.....       100%        1    ##.....
 Passwall                 Tmut/Erth      #.......     100%        2    ###....
 Swiftness                Chrm/Air       #.......     100%        2    ###....
 Gell's Gravitas          Tloc           #.........   100%        3    ####...
 Teleport Other           Tloc           #.......     100%        3    ####...
 Force Lance              Conj/Tloc      #.......     100%        4    #####..
 Passage of Golubria      Tloc           N/A          100%        4    #####..
 Sticky Flame             Conj/Fire      #.......     100%        4    #####..
 Lee's Rapid Deconstruct  Erth           #.........   100%        5    ######.
 Summon Forest            Summ/Tloc      #.........   100%        5    ######.
 Darkness                 Hex            #.........   100%        6    #######
 Invisibility             Hex            #.......     100%        6    #######


Dungeon Overview and Level Annotations

Branches:
Dungeon (9/15)             Temple (1/1) D:4            Lair (5/6) D:9
 Shoals (0/4) Lair:3        Snake (0/4) Lair:4        Slime (0/5) Lair:5
    Orc: D:9-12

Altars:
Ashenzari
Cheibriados
Dithmenos
Elyvilon
Fedhas
Gozag
Hepliaklqana
Kikubaaqudgha
Makhleb
Nemelex Xobeh
Okawaru
Qazlal
Ru
Sif Muna
Trog
Uskayaw
Vehumet
Wu Jian
Xom
Yredelemnul
Zin
The Shining One

Shops:
D:8 ?


Innate Abilities, Weirdness & Mutations

You have razor-sharp teeth.
You heal very quickly.
When hurt, damage is shared between your health and your magic reserves.
Your bite disrupts and absorbs the magic of your enemies.
Potions cannot restore your health.
You are immune to rotting.


Message History

You are engulfed in calcifying dust.
The catoblepas completely misses you.
The porcupine bites you but does no damage.
You are engulfed in calcifying dust.
The rime drake is no longer petrified.
The porcupine bites you.
The catoblepas gores you but does no damage.
You turn to flesh and can move again.
The catoblepas breathes a plume of calcifying dust at you.
The blast of calcifying dust hits you!
The porcupine is engulfed in calcifying dust.
The porcupine is moving more slowly.
The porcupine bites you.
* * * LOW HITPOINT WARNING * * *
The rime drake breathes ice at you. The flash freeze hits you!
* * * LOW HITPOINT WARNING * * *
You are encased in ice.
The catoblepas gores you but does no damage.
Okay, then.
Okay, then.
The rime drake barely misses you. The rime drake bites you.
You die...

....P### #....>......
.#.### #..........#
#..# ##...........
...## #..........#
....## ####.........#.
##...# #.#...........#
##..#####.....r.....P.#
#....##......kY....#.#
##............@§..##
###............§##
#.............# P#
#.............# .#
###...........# ##
#...........# #
#.........###
##...>...##


You could see a catoblepas, a rime drake and a porcupine (petrifying).

Vanquished Creatures
  A minotaur (Lab)
  A catoblepas (Lair:2)
  A two-headed ogre (D:8)
  4 elephants (Lair:4)
  7 spiny frogs
  2 komodo dragons
  5 polar bears
  6 dream sheep (Lair:4)
  A snapping turtle (Lair:3)
  2 blink frogs (Lair:5)
  2 hippogriffs (Lair:2)
  2 shadows (Lab)
  5 wyverns
  A basilisk (Lair:1)
  A hungry ghost (D:8)
  9 yaks
  Grum (D:9)
  2 wargs (D:9)
  2 nagas (Lair:4)
  7 porcupines
  3 ice beasts
  8 water moccasins
  3 orc warriors
  4 black bears (Lair:1)
  3 sky beasts
  A phantom (D:9)
  3 ogres
  A centaur (D:9)
  11 wolves
  7 crocodiles
  4 big kobolds
  14 bullfrogs
  3 scorpions
  A water moccasin skeleton (D:4)
  4 killer bees (D:7)
  9 wights (D:6)
  A howler monkey (D:4)
  2 crimson imps
  2 electric eels (Lair:2)
  A bullfrog zombie (D:8)
  2 centaur zombies
  3 jellies
  6 hounds
  A bullfrog skeleton (D:8)
  A centaur skeleton (D:4)
  2 orc priests
  A gnoll shaman (D:6)
  7 orc wizards
  Natasha (twice) (D:2)
  3 iguanas
  9 worker ants
  Terence (D:2)
  A killer bee zombie (D:9)
  A hound skeleton (D:4)
  2 hound zombies (D:9)
  Robin (D:2)
  A howler monkey zombie (D:5)
  A worker ant zombie (D:8)
  17 gnolls
  15 adders
  3 shadow imps
  2 oozes
  An adder skeleton (D:4)
  A worm (D:3)
  2 dart slugs (D:1)
  5 leopard geckos
  19 orcs
  A ball python (D:1)
  2 giant cockroaches (D:1)
  17 goblins
  17 hobgoblins
  8 jackals
  5 bats
  4 frilled lizards
  27 kobolds
  2 leopard gecko skeletons
  A leopard gecko zombie (D:7)
  9 rats
350 creatures vanquished.

Vanquished Creatures (others)
  2 fungi
2 creatures vanquished.

Grand Total: 352 creatures vanquished

Notes
Turn   | Place    | Note
-------+----------+-------------------------------------------
     0 | D:1      | diana the Vine Stalker Fighter began the quest for the Orb.
     0 | D:1      | Reached XP level 1. HP: 11/11 MP: 2/2
    35 | D:1      | Reached XP level 2. HP: 14/16 MP: 3/3
   244 | D:1      | Reached skill level 3 in Unarmed Combat
   264 | D:1      | Reached XP level 3. HP: 18/20 MP: 4/4
   831 | D:2      | Found a burning altar of Makhleb.
   955 | D:2      | Gained mutation: Your natural rate of healing is unusually
                  | fast. [Vine Stalker growth]
   955 | D:2      | Reached XP level 4. HP: 22/24 MP: 5/5
   989 | D:2      | Noticed Natasha
   989 | D:2      | Noticed Terence
  1001 | D:2      | Killed Natasha
  1001 | D:2      | Reached skill level 4 in Unarmed Combat
  1013 | D:2      | Killed Terence
  1153 | D:2      | Noticed Robin
  1159 | D:2      | Reached XP level 5. HP: 28/28 MP: 4/6
  1171 | D:2      | Killed Robin
  1352 | D:2      | Noticed Natasha
  1358 | D:2      | Killed Natasha
  1630 | D:3      | Reached skill level 5 in Unarmed Combat
  1727 | D:3      | Reached XP level 6. HP: 33/33 MP: 7/7
  2561 | D:4      | Reached skill level 6 in Unarmed Combat
  2638 | D:4      | Reached XP level 7. HP: 38/38 MP: 8/8
  2842 | D:4      | Found a staircase to the Ecumenical Temple.
  3015 | D:5      | Entered Level 5 of the Dungeon
  3077 | D:5      | Reached skill level 5 in Fighting
  3103 | D:5      | Reached skill level 7 in Unarmed Combat
  3129 | D:5      | Gained mutation: You have razor-sharp teeth. [Vine Stalker
                  | growth]
  3129 | D:5      | Reached XP level 8. HP: 35/43 MP: 7/9
  3534 | D:6      | Reached skill level 8 in Unarmed Combat
  3788 | D:6      | Reached skill level 9 in Unarmed Combat
  3852 | D:6      | Identified Sif Muna's Collected Works on the Displaced
                  | Arsonist
  3882 | D:6      | Reached XP level 9. HP: 40/49 MP: 10/10
  4124 | D:6      | Found a glowing silver altar of Zin.
  4376 | D:7      | Reached skill level 10 in Unarmed Combat
  5068 | D:8      | Reached skill level 11 in Unarmed Combat
  5081 | D:8      | Reached XP level 10. HP: 16/56 MP: 11/11
  5200 | D:8      | Found Ampik's Magic Scroll Shop.
  5332 | D:8      | Reached skill level 12 in Unarmed Combat
  5464 | D:8      | Noticed a two-headed ogre
  5493 | D:8      | Killed a two-headed ogre
  5677 | D:9      | Noticed Grum
  5709 | D:9      | Killed Grum
  6017 | D:9      | Found a staircase to the Lair.
  6032 | D:9      | Reached skill level 13 in Unarmed Combat
  6056 | D:9      | Reached XP level 11. HP: 38/62 MP: 12/12
  6246 | D:8      | Bought a scroll of identify for 24 gold pieces
  6246 | D:8      | Bought a scroll of identify for 24 gold pieces
  6246 | D:8      | Bought a scroll of identify for 24 gold pieces
  6246 | D:8      | Bought a scroll of identify for 24 gold pieces
  6300 | Lair:1   | Entered Level 1 of the Lair of Beasts
  6313 | Lair:1   | Found a labyrinth entrance.
  6331 | Lab      | Entered a labyrinth
  6714 | Lab      | Noticed a minotaur
  6726 | Lab      | Killed a minotaur
  6729 | Lab      | Got a distressingly furry chain mail
  6745 | Lair:1   | Identified the +5 chain mail "Copali Hide" {+Blink} (You
                  | took it off a minotaur in a labyrinth)
  6949 | Lair:3   | Reached skill level 14 in Unarmed Combat
  7174 | Lair:4   | Got a spiked chain mail
  7185 | Lair:4   | Identified the +5 chain mail of the Other World {rElec}
                  | (You found it on level 4 of the Lair of Beasts)
  7236 | Lair:4   | Reached skill level 10 in Fighting
  7351 | Lair:4   | Found a staircase to the Snake Pit.
  7512 | Lair:4   | Reached skill level 1 in Dodging
  7512 | Lair:4   | Gained mutation: You heal very quickly. [Vine Stalker
                  | growth]
  7512 | Lair:4   | Reached XP level 12. HP: 53/67 MP: 13/13
  7854 | Temple   | Entered the Ecumenical Temple
  7951 | Temple   | Became a worshipper of Cheibriados the Contemplative
  8221 | Lair:1   | Reached skill level 15 in Unarmed Combat
  9155 | Lair:2   | Reached * piety under Cheibriados
  9248 | Lair:2   | Noticed a catoblepas
  9262 | Lair:2   | Killed a catoblepas
  9825 | Lair:3   | Reached ** piety under Cheibriados
 10021 | Lair:3   | Found a staircase to the Shoals.
 10475 | Lair:4   | Noticed a catoblepas
 10495 | Lair:4   | HP: 3/67 [rime drake/flash freeze (6)]
 10496 | Lair:4   | Slain by a rime drake

Skill      XL: |  1  2  3  4  5  6  7  8  9 10 11 12 |
---------------+-------------------------------------+-----
Fighting       | 3 4 5 6 7 9 10 | 10.2
Unarmed Combat | 3 4 5 6 7 9 11 13 14 15 | 15.8
Dodging        | 1 3 |  3.8
Armour         | 4 |  4.7
Shields        | |  2.6

Action                   |  1- 3 |  4- 6 |  7- 9 | 10-12 || total
-------------------------+-------+-------+-------+-------++-------
Melee: Unarmed           |   107 |   194 |   321 |   556 ||  1178
       Bite              |    38 |    57 |   104 |   228 ||   427
Throw: Throwing net      |       |       |     1 |     1 ||     2
Evoke: Wand              |       |       |       |     2 ||     2
  Use: Scroll            |       |       |     2 |     6 ||     8
       Potion            |       |       |     4 |     1 ||     5
 Stab: Held in net/web   |       |       |       |     2 ||     2
       Distracted        |       |       |       |     1 ||     1
  Eat: Chunk             |       |     5 |     9 |    14 ||    28
       Ration            |       |       |       |     1 ||     1
Armor: Scale mail        |    35 |    71 |   106 |    79 ||   291
       Chain mail        |       |       |       |   157 ||   157
Dodge: Dodged            |    25 |    49 |    74 |   135 ||   283
Block: Shield            |    47 |   105 |   147 |   258 ||   557
